 Dungeon Crawl Stone Soup version 0.27.1-34-g3ba077fa99 (webtiles) character file.

Game seed: 13739656943898321521

58 mcbry74 the Chopper (level 4, -6/39 HPs)
             Began as a Hill Orc Fighter on Jan 21, 2022.
             Splashed by Ijyb's acid (7 damage)
             ... on level 3 of the Dungeon.
             The game lasted 00:05:08 (1739 turns).

mcbry74 the Chopper (Hill Orc Fighter)              Turns: 1739, Time: 00:05:09

Health: -6/39      AC:  2    Str: 19    XL:     4   Next: 1%
Magic:  4/4        EV:  7    Int:  8    God:
Gold:   142        SH:  9    Dex: 10    Spells: 3/3 levels left

rFire    . . .     SeeInvis .   a - +0 war axe
rCold    . . .     Faith    .   c - +0 kite shield
rNeg     . . .     Spirit   .   b - +0 scale mail
rPois    .         Reflect  .   (no helmet)
rElec    .         Harm     .   (no cloak)
rCorr    .         Rampage  .   (no gloves)
Will     .....                  (no boots)
Stlth    ..........             (no amulet)
HPRegen  0.13/turn              (no ring)
MPRegen  0.09/turn              (no ring)

@: corroded
A: no striking features
a: no special abilities


You were on level 3 of the Dungeon.
You visited 1 branch of the dungeon, and saw 3 of its levels.

You collected 142 gold pieces.

Inventory:

Hand Weapons
 a - a +0 war axe (weapon)
 h - a +0 hunting sling
Missiles
 m - 21 stones
 q - 21 poisoned darts (quivered)
Armour
 b - a +0 scale mail (worn)
 c - a +0 kite shield (worn)
Scrolls
 e - a scroll of magic mapping {unknown}
 f - a scroll of enchant weapon {unknown}
 g - 3 scrolls of summoning {unknown}
 i - a scroll of noise {unknown}
 k - a scroll of identify {unknown}
 l - a scroll of immolation {unknown}
Potions
 d - a potion of might
 j - a potion of heal wounds {unknown}
 n - a potion of berserk rage {unknown}
 o - 2 potions of curing {unknown}
 p - a potion of mutation {unknown}


   Skills:
 - Level 3.6 Fighting
 * Level 5.5 Axes
 - Level 3.2 Armour
 - Level 3.2 Shields


You had 3 spell levels left.
You didn't know any spells.
Your spell library contained the following spells:

 Spells                   Type           Power      Damage    Failure   Level
 Summon Small Mammal      Summ           0%         N/A       99%         1
 Call Canine Familiar     Summ           0%         N/A       100%        3
 Summon Guardian Golem    Hex/Summ       0%         N/A       100%        3


Dungeon Overview and Level Annotations

Branches:
Dungeon (3/15)

Altars:

Annotations:
D:3 Ijyb


Message History

A dart slug comes into view.
The dart slug launches a dart at you. The slug dart hits you.
You slash the dart slug!
You kill the dart slug!
You have reached level 4!
Found 12 gold pieces.
You now have 142 gold pieces (gained 12).
A frilled lizard comes into view.
The frilled lizard hisses angrily.
You closely miss the frilled lizard. The frilled lizard bites you.
You block the frilled lizard's attack.
You hit the frilled lizard.
You kill the frilled lizard!
You see here a frilled lizard corpse.
Ijyb the Twisted Goblin comes into view.
She is wielding a +0 club and carrying a wand of acid (8).
Ijyb shouts!
A kobold comes into view. It is wielding a +0 dagger.
You start waiting.
Ijyb is nearby!
Ijyb hits you with a +0 club.
You hit Ijyb.
Ijyb is lightly wounded.
Ijyb zaps a wand.
The bolt of acid misses you.
You hit Ijyb but do no damage.
Ijyb is lightly wounded.
Ijyb hits you but does no damage. Ijyb barely misses you.
You hit Ijyb but do no damage.
Ijyb is lightly wounded.
Ijyb zaps a wand.
The bolt of acid hits you.
You are splashed with acid!
You closely miss Ijyb. You block Ijyb's attack. Ijyb hits you with a +0 club.
You hit Ijyb.
Ijyb is lightly wounded.
Ijyb hits you but does no damage.
You hit Ijyb.
Ijyb is lightly wounded.
Ijyb hits you with a +0 club.
Ijyb zaps a wand.
The bolt of acid hits you!
* * * LOW HITPOINT WARNING * * *
The acid corrodes you!
You are splashed with acid!
You die...

##.##.####
#....... ####†#
#....... #.#
#....... ###.#
##....## #...#
#..)... ##
#.### #......
... #.# ##..###
....# ##### #.#
#.....
......#...###@#
#.###>
............g.#
#.# #.
K#.##.#...#####
#.###. .. #####
#..... ##
######


You could see Ijyb.

Vanquished Creatures
  An adder (D:3)
  2 dart slugs
  2 ball pythons (D:2)
  4 endoplasms
  2 giant cockroaches
  3 goblins (D:1)
  4 hobgoblins (D:1)
  4 jackals (D:1)
  3 kobolds
  2 quokkas
  2 bats
  4 frilled lizards
  7 rats
40 creatures vanquished.

Notes
Turn   | Place    | Note
-------+----------+-------------------------------------------
     0 | D:1      | mcbry74 the Hill Orc Fighter began the quest for the Orb.
     0 | D:1      | Reached XP level 1. HP: 19/19 MP: 1/1
    17 | D:1      | Reached skill level 3 in Axes
    34 | D:1      | Reached XP level 2. HP: 18/26 MP: 2/2
    74 | D:1      | Reached skill level 4 in Axes
   210 | D:1      | Found a faded altar of an unknown god.
   378 | D:1      | Reached XP level 3. HP: 31/31 MP: 3/3
  1088 | D:2      | Reached skill level 5 in Axes
  1661 | D:3      | Reached XP level 4. HP: 37/39 MP: 4/4
  1721 | D:3      | Noticed Ijyb
  1739 | D:3      | HP: 1/39 [Ijyb/bolt of acid (12)]
  1739 | D:3      | Splashed by Ijyb's acid

Illustrated notes

Levels and vault maps discovered:
D:1:      minmay_arrival_semitransparent, layout_loops_ring,
          hellmonk_ecumenical_altar_run_dry
D:2:      layout_loops_cross, st_stairs_4, serial_bayou_lake_a
D:3:      layout_loops_corners, serial_shops, shop, shop,
          nicolae_shop_statue_plus, uniq_sigmund, uniq_ijyb

Skill      XL: |  1  2  3 |
---------------+----------+-----
Axes           | 3 4 5 |  5.5
Fighting       | |  3.6
Armour         | |  3.2
Shields        | |  3.2

Action                   |  1- 3 |  4- 6 || total
-------------------------+-------+-------++-------
Melee: War axe           |   116 |     8 ||   124
Throw: Dart              |     2 |       ||     2
Armor: Scale mail        |    69 |     2 ||    71
Dodge: Dodged            |    56 |     2 ||    58
Block: Kite shield       |    74 |     2 ||    76
